| TOP OF THE 1ST |
|
University of Toronto Marlies batting - Pitching for University of North Carolina at Chapel Hill Tar Heels : LHP Gabe Zarco
|
|
Pitching: LHP Gabe Zarco
|
|
|
Batting: RHB Charlie Townend
|
0-0: Ground out 4-3 (Groundball, 4, EV 81.9 MPH)
|
|
Batting: RHB Todd Maybury
|
0-0: Ball 1-0: Ball 2-0: Fly out, F9 (Flyball, 9, EV 90.6 MPH)
|
|
Batting: RHB Ryan Martin
|
0-0: Ball 1-0: Ball 2-0: Ball 3-0: Called Strike 3-1: Ground out 5-3 (Groundball, 56, EV 96.9 MPH)
|
| Top of the 1st over - 0 runs, 0 hits, 0 errors, 0 left on base; University of Toronto 0 - University of North Carolina at Chapel Hill 0 |
| BOTTOM OF THE 1ST |
|
University of North Carolina at Chapel Hill Tar Heels batting - Pitching for University of Toronto Marlies : LHP Carlos Ruedas
|
|
Pitching: LHP Carlos Ruedas
|
|
|
Batting: LHB Juan Alvarado
|
0-0: Called Strike 0-1: Ground out 3-1 (Groundball, 34S, EV 82.5 MPH)
|
|
Batting: LHB Chris Robertson
|
0-0: Ball 1-0: Ball 2-0: Ball 3-0: Base on Balls
|
|
Batting: RHB Michael Houseman
|
0-0: Called Strike 0-1: Ball 1-1: Ball 2-1: Ball 3-1: Base on Balls Chris Robertson to second
|
|
Batting: SHB Jim Saxon
|
0-0: Ball 1-0: Called Strike 1-1: Ball 2-1: Foul Ball, location: 2F 2-2: SINGLE (Groundball, 34D, EV 102.5 MPH) Chris Robertson to third Michael Houseman to second Runner from 3rd tries for Home, SAFE, throw by RF to home
|
|
Batting: RHB Steve Breshears
|
0-0: Reached on error, E3 (Groundball, 34S, EV 85.0 MPH) Michael Houseman to third Jim Saxon to second
|
|
Batting: RHB Brandon Wilson
|
0-0: SINGLE (Groundball, 6MD, EV 100.0 MPH) Michael Houseman scores Jim Saxon to third Steve Breshears to second
|
|
Batting: LHB Roberto Lopez
|
0-0: Called Strike 0-1: Ball 1-1: Ball 2-1: Fielders Choice at 2nd, 4-6 (Groundball, 4, EV 80.6 MPH) Jim Saxon scores Steve Breshears to third
|
|
Batting: RHB Mike Machalek
|
0-0: Called Strike 0-1: Foul Ball, location: 2F 0-2: Ball 1-2: Strikes out swinging
|
| Bottom of the 1st over - 3 runs, 2 hits, 1 error, 2 left on base; University of Toronto 0 - University of North Carolina at Chapel Hill 3 |
| TOP OF THE 2ND |
|
University of Toronto Marlies batting - Pitching for University of North Carolina at Chapel Hill Tar Heels : LHP Gabe Zarco
|
|
Batting: RHB Steve Campeau
|
0-0: Swinging Strike 0-1: Foul Ball, location: 2F 0-2: Ground out 5-3 (Groundball, 56, EV 85.6 MPH)
|
|
Batting: LHB Mitch Melton
|
0-0: Called Strike 0-1: Foul Ball, location: 2F 0-2: Fly out, F8 (Flyball, 8RM, EV 95.6 MPH)
|
|
Batting: SHB Conrade Gordon
|
0-0: Ground out 5-3 (Groundball, 56S, EV 70.6 MPH)
|
| Top of the 2nd over - 0 runs, 0 hits, 0 errors, 0 left on base; University of Toronto 0 - University of North Carolina at Chapel Hill 3 |
| BOTTOM OF THE 2ND |
|
University of North Carolina at Chapel Hill Tar Heels batting - Pitching for University of Toronto Marlies : LHP Carlos Ruedas
|
|
Batting: LHB Armando Pena
|
0-0: Called Strike 0-1: Foul Ball, location: 2F 0-2: Strikes out swinging
|
|
Batting: LHB Juan Alvarado
|
0-0: Called Strike 0-1: SINGLE (Line Drive, 7LS, EV 91.2 MPH)
|
|
Batting: LHB Chris Robertson
|
0-0: Ball 1-0: Called Strike 1-1: Ball 2-1: Foul Ball, location: 2F 2-2: Ball 3-2: Fielders Choice at 2nd, 4-6 (Groundball, 4S, EV 88.8 MPH)
|
|
Batting: RHB Michael Houseman
|
0-0: Swinging Strike 0-1: Swinging Strike 0-2: Foul Ball, location: 2F 0-2: Fly out, F8 (Flyball, 8RXD, EV 96.9 MPH)
|
| Bottom of the 2nd over - 0 runs, 1 hit, 0 errors, 1 left on base; University of Toronto 0 - University of North Carolina at Chapel Hill 3 |
| TOP OF THE 3RD |
|
University of Toronto Marlies batting - Pitching for University of North Carolina at Chapel Hill Tar Heels : LHP Gabe Zarco
|
|
Batting: RHB John Wilson
|
0-0: Foul Ball, location: 2F 0-1: Foul Ball, location: 2F 0-2: Ball 1-2: Ball 2-2: Ball 3-2: Base on Balls
|
|
Batting: SHB Jake Seymour
|
0-0: Called Strike 0-1: Foul Ball, location: 2F 0-2: Foul Ball, location: 2F 0-2: Ball 1-2: SINGLE (Groundball, 6D, EV 110.0 MPH) John Wilson to second
|
|
Batting: RHB Kevin McGaughey
|
0-0: Ball 1-0: Foul Ball, location: 2F 1-1: Ball 2-1: Called Strike 2-2: Strikes out looking
|
|
Batting: RHB Charlie Townend
|
0-0: Ball 1-0: Ball 2-0: Called Strike 2-1: Foul Ball, location: 2F 2-2: Foul Ball, location: 2F 2-2: Foul Ball, location: 2F 2-2: Fly out, F7 (Flyball, 7, EV 82.5 MPH)
|
|
Batting: RHB Todd Maybury
|
0-0: Swinging Strike 0-1: Ground out 3-1 (Groundball, 34, EV 78.8 MPH)
|
| Top of the 3rd over - 0 runs, 1 hit, 0 errors, 2 left on base; University of Toronto 0 - University of North Carolina at Chapel Hill 3 |
| BOTTOM OF THE 3RD |
|
University of North Carolina at Chapel Hill Tar Heels batting - Pitching for University of Toronto Marlies : LHP Carlos Ruedas
|
|
Batting: SHB Jim Saxon
|
0-0: Foul Ball, location: 2F 0-1: Called Strike 0-2: Ball 1-2: Strikes out swinging
|
|
Batting: RHB Steve Breshears
|
0-0: Called Strike 0-1: Foul Ball, location: 2F 0-2: Ball 1-2: Ball 2-2: Ground out 1-3 (Groundball, 15S, EV 69.4 MPH)
|
|
Batting: RHB Brandon Wilson
|
0-0: Ball 1-0: Called Strike 1-1: Ball 2-1: Foul Ball, location: 2F 2-2: Foul Ball, location: 2F 2-2: Ball 3-2: Base on Balls
|
|
Batting: LHB Roberto Lopez
|
0-0: Called Strike 0-1: Foul Ball, location: 2F 0-2: Ball 1-2: Ball 2-2: Strikes out swinging
|
| Bottom of the 3rd over - 0 runs, 0 hits, 0 errors, 1 left on base; University of Toronto 0 - University of North Carolina at Chapel Hill 3 |
| TOP OF THE 4TH |
|
University of Toronto Marlies batting - Pitching for University of North Carolina at Chapel Hill Tar Heels : LHP Gabe Zarco
|
|
Batting: RHB Ryan Martin
|
0-0: Ball 1-0: Called Strike 1-1: Ball 2-1: Foul Ball, location: 2F 2-2: Ball 3-2: Ground out 6-3 (Groundball, 6, EV 106.2 MPH)
|
|
Batting: RHB Steve Campeau
|
0-0: Called Strike 0-1: Called Strike 0-2: Ground out 5-3 (Groundball, 56, EV 103.1 MPH)
|
|
Batting: LHB Mitch Melton
|
0-0: Foul Ball, location: 2F 0-1: Foul Ball, location: 2F 0-2: Ball 1-2: Ball 2-2: Strikes out swinging
|
| Top of the 4th over - 0 runs, 0 hits, 0 errors, 0 left on base; University of Toronto 0 - University of North Carolina at Chapel Hill 3 |
| BOTTOM OF THE 4TH |
|
University of North Carolina at Chapel Hill Tar Heels batting - Pitching for University of Toronto Marlies : LHP Carlos Ruedas
|
|
Batting: RHB Mike Machalek
|
0-0: Foul Ball, location: 2F 0-1: Ball 1-1: Ball 2-1: Swinging Strike 2-2: Foul Ball, location: 2F 2-2: Ground out 1-3 (Groundball, P, EV 67.5 MPH)
|
|
Batting: LHB Armando Pena
|
0-0: Ground out 4-3 (Groundball, 4S, EV 87.5 MPH)
|
|
Batting: LHB Juan Alvarado
|
0-0: Ball 1-0: Ground out 6-3 (Groundball, P, EV 80.0 MPH)
|
| Bottom of the 4th over - 0 runs, 0 hits, 0 errors, 0 left on base; University of Toronto 0 - University of North Carolina at Chapel Hill 3 |
| TOP OF THE 5TH |
|
University of Toronto Marlies batting - Pitching for University of North Carolina at Chapel Hill Tar Heels : LHP Gabe Zarco
|
|
Batting: SHB Conrade Gordon
|
0-0: Ball 1-0: Ball 2-0: Foul Ball, location: 2F 2-1: Ball 3-1: Ground out 6-3 (Groundball, 6, EV 87.5 MPH)
|
|
Batting: RHB John Wilson
|
0-0: Foul Ball, location: 2F 0-1: Ground out 6-3 (Groundball, 6, EV 80.6 MPH)
|
|
Batting: SHB Jake Seymour
|
0-0: Ball 1-0: Ball 2-0: Foul Ball, location: 2F 2-1: Ground out 1-3 (Groundball, 34S, EV 62.5 MPH)
|
| Top of the 5th over - 0 runs, 0 hits, 0 errors, 0 left on base; University of Toronto 0 - University of North Carolina at Chapel Hill 3 |
| BOTTOM OF THE 5TH |
|
University of North Carolina at Chapel Hill Tar Heels batting - Pitching for University of Toronto Marlies : LHP Carlos Ruedas
|
|
Batting: LHB Chris Robertson
|
0-0: Ball 1-0: Foul Ball, location: 2F 1-1: Called Strike 1-2: Strikes out looking and he ARGUES THE CALL AND IS TOSSED!
|
|
Batting: RHB Michael Houseman
|
0-0: DOUBLE (Flyball, 8LXD, EV 105.6 MPH)
|
|
Batting: SHB Jim Saxon
|
0-0: Ball 1-0: Ball 2-0: Ball 3-0: Called Strike 3-1: Called Strike 3-2: Strikes out looking
|
|
Pitching: RHP Aaron Knight
|
|
|
Batting: RHB Steve Breshears
|
0-0: Swinging Strike 0-1: Ball 1-1: Ball Wild Pitch! Michael Houseman to third 2-1: Called Strike 2-2: Ground out 6-3 (Groundball, 6, EV 83.1 MPH)
|
| Bottom of the 5th over - 0 runs, 1 hit, 0 errors, 1 left on base; University of Toronto 0 - University of North Carolina at Chapel Hill 3 |
| TOP OF THE 6TH |
|
University of Toronto Marlies batting - Pitching for University of North Carolina at Chapel Hill Tar Heels : LHP Gabe Zarco
|
|
Now in CF: Mike Machalek
|
|
|
Now in RF: Brian Brower
|
|
|
Batting: RHB Kevin McGaughey
|
0-0: Foul Ball, location: 2F 0-1: Fly out, F8 (Flyball, 8LD, EV 96.2 MPH)
|
|
Batting: RHB Charlie Townend
|
0-0: Called Strike 0-1: Ball 1-1: Ball 2-1: Ball 3-1: Called Strike 3-2: Foul Ball, location: 2F 3-2: Base on Balls
|
|
Batting: RHB Todd Maybury
|
0-0: Ball 1-0: Called Strike 1-1: Ball 2-1: Ball 3-1: Foul Ball, location: 2F 3-2: Strikes out swinging
|
|
Batting: RHB Ryan Martin
|
0-0: SINGLE (Groundball, 34S, EV 91.9 MPH) (infield hit) Charlie Townend to second
|
|
Batting: RHB Steve Campeau
|
0-0: Ball 1-0: Ball 2-0: Called Strike 2-1: Called Strike 2-2: Strikes out swinging
|
| Top of the 6th over - 0 runs, 1 hit, 0 errors, 2 left on base; University of Toronto 0 - University of North Carolina at Chapel Hill 3 |
| BOTTOM OF THE 6TH |
|
University of North Carolina at Chapel Hill Tar Heels batting - Pitching for University of Toronto Marlies : RHP Aaron Knight
|
|
Batting: RHB Brandon Wilson
|
0-0: Called Strike 0-1: Foul Ball, location: 2F 0-2: Strikes out swinging
|
|
Batting: LHB Roberto Lopez
|
0-0: Ball 1-0: Ball 2-0: Ball 3-0: Called Strike 3-1: Swinging Strike 3-2: Base on Balls
|
|
Batting: RHB Mike Machalek
|
0-0: Swinging Strike 0-1: Ball 1-1: Fly out, F7 (Flyball, 7, EV 78.1 MPH)
|
|
Batting: LHB Armando Pena
|
0-0: Called Strike 0-1: Swinging Strike 0-2: Ball 1-2: Strikes out swinging
|
| Bottom of the 6th over - 0 runs, 0 hits, 0 errors, 1 left on base; University of Toronto 0 - University of North Carolina at Chapel Hill 3 |
| TOP OF THE 7TH |
|
University of Toronto Marlies batting - Pitching for University of North Carolina at Chapel Hill Tar Heels : LHP Gabe Zarco
|
|
Pitching: RHP Berry Dow
|
|
|
Batting: LHB Mitch Melton
|
0-0: Ball 1-0: Ball 2-0: Ground out 4-3 (Groundball, 34D, EV 87.5 MPH)
|
|
Batting: SHB Conrade Gordon
|
0-0: Called Strike 0-1: Ground out 4-3 (Groundball, 4, EV 80.0 MPH)
|
|
Batting: RHB John Wilson
|
0-0: Ball 1-0: Swinging Strike 1-1: Called Strike 1-2: Strikes out swinging
|
| Top of the 7th over - 0 runs, 0 hits, 0 errors, 0 left on base; University of Toronto 0 - University of North Carolina at Chapel Hill 3 |
| BOTTOM OF THE 7TH |
|
University of North Carolina at Chapel Hill Tar Heels batting - Pitching for University of Toronto Marlies : RHP Aaron Knight
|
|
Pitching: RHP Gui Xú
|
|
|
Batting: LHB Juan Alvarado
|
0-0: Called Strike 0-1: Ground out 5-3 (Groundball, 5, EV 106.9 MPH)
|
|
Batting: RHB Brian Brower
|
0-0: Called Strike 0-1: SOLO HOME RUN (Line Drive, 7LD, EV 95.6 MPH), Distance : 375 ft
|
|
Batting: RHB Michael Houseman
|
0-0: Foul Ball, location: 2F 0-1: Swinging Strike 0-2: Ball 1-2: Strikes out looking
|
|
Batting: SHB Jim Saxon
|
0-0: Called Strike 0-1: Ball 1-1: Ball 2-1: Foul Ball, location: 2F 2-2: Ball 3-2: Ground out 4-3 (Groundball, 4, EV 84.4 MPH)
|
| Bottom of the 7th over - 1 run, 1 hit, 0 errors, 0 left on base; University of Toronto 0 - University of North Carolina at Chapel Hill 4 |
| TOP OF THE 8TH |
|
University of Toronto Marlies batting - Pitching for University of North Carolina at Chapel Hill Tar Heels : RHP Berry Dow
|
|
Batting: SHB Jake Seymour
|
0-0: Fly out, F8 (Flyball, 8LS, EV 95.0 MPH)
|
|
Batting: RHB Kevin McGaughey
|
0-0: Ball 1-0: Ball 2-0: Ball 3-0: Base on Balls
|
|
Batting: RHB Charlie Townend
|
0-0: Ball 1-0: Grounds into double play, 6-4-3 (Groundball, 6, EV 80.0 MPH)
|
| Top of the 8th over - 0 runs, 0 hits, 0 errors, 0 left on base; University of Toronto 0 - University of North Carolina at Chapel Hill 4 |
| BOTTOM OF THE 8TH |
|
University of North Carolina at Chapel Hill Tar Heels batting - Pitching for University of Toronto Marlies : RHP Gui Xú
|
|
Batting: RHB Steve Breshears
|
0-0: Ball 1-0: Ball 2-0: Fly out, F4 (Popup, 4M, EV 65.0 MPH)
|
|
Batting: RHB Brandon Wilson
|
0-0: Swinging Strike 0-1: Swinging Strike 0-2: Ground out 5-3 (Groundball, 56S, EV 83.1 MPH)
|
|
Batting: LHB Roberto Lopez
|
0-0: Foul Ball, location: 2F 0-1: Ground out 4-3 (Groundball, 4, EV 97.5 MPH)
|
| Bottom of the 8th over - 0 runs, 0 hits, 0 errors, 0 left on base; University of Toronto 0 - University of North Carolina at Chapel Hill 4 |
| TOP OF THE 9TH |
|
University of Toronto Marlies batting - Pitching for University of North Carolina at Chapel Hill Tar Heels : RHP Berry Dow
|
|
Pitching: RHP Brian Spedafino
|
|
|
Batting: RHB Todd Maybury
|
0-0: Ball 1-0: Ball 2-0: Called Strike 2-1: Foul Ball, location: 2F 2-2: Foul Ball, location: 2F 2-2: Foul Ball, location: 2F 2-2: Foul Ball, location: 2F 2-2: Ball 3-2: Base on Balls
|
|
Batting: RHB Ryan Martin
|
0-0: Called Strike 0-1: Ball 1-1: Foul Ball, location: 2F 1-2: Fly out, F8 (Line Drive, 8RD, EV 85.6 MPH)
|
|
Pinch Hitting: RHB Konrad van Pelt
|
0-0: Ball 1-0: Ball 2-0: Foul Ball, location: 2F 2-1: Called Strike 2-2: Foul Ball, location: 2F 2-2: Ball 3-2: Base on Balls Todd Maybury to second
|
|
Pitching: RHP Herb Bickford
|
|
|
Batting: LHB Mitch Melton
|
0-0: Foul Ball, location: 2F 0-1: Foul Ball, location: 2F 0-2: Ball 1-2: Ball 2-2: Foul Ball, location: 2F 2-2: Foul Ball, location: 2F 2-2: Foul Ball, location: 2F 2-2: Ground out 5-3 (Groundball, 56, EV 101.9 MPH) Todd Maybury to third Konrad van Pelt to second
|
|
Batting: SHB Conrade Gordon
|
0-0: Ball 1-0: Foul Ball, location: 2F 1-1: Ball 2-1: Foul Ball, location: 2F 2-2: Ball 3-2: Foul Ball, location: 2F 3-2: Foul Ball, location: 2F 3-2: Base on Balls
|
|
Batting: RHB John Wilson
|
0-0: Ball 1-0: Foul Ball, location: 2F 1-1: Ball 2-1: Fly out, F3 (Line Drive, 3L, EV 65.6 MPH)
|
| Top of the 9th over - 0 runs, 0 hits, 0 errors, 3 left on base; University of Toronto 0 - University of North Carolina at Chapel Hill 4 |
|